 Dungeon Crawl Stone Soup version 0.14-a0-3337-gf4615ed (webtiles) character file.

270315 JEFFREY the Blocker (level 20, -6/149 HPs)
             Began as a Formicid Fighter on Mar 14, 2014.
             Was the Champion of the Shining One.
             Mangled by a fire crab (8 damage)
             ... on Level 2 of the Vaults on Mar 16, 2014.
             The game lasted 04:43:39 (35339 turns).

JEFFREY the Blocker (Formicid Fighter)             Turns: 35339, Time: 04:43:40

HP  -6/149       AC 33     Str 26      XL: 20   Next: 97%
MP   0/35        EV  8     Int 10      God: the Shining One [******]
Gold 2549        SH 64     Dex 14      Spells:  5 memorised, 21 levels left

rFire  + + +     SeeInvis +     L - +5,+7 halberd (chop)
rCold  . . .     Clarity  .     A - +8 plate armour of Jigsaw {rF++}
rNeg   + + +     Conserve .     K - +0 large shield
rPois  .         rCorr    .     (helmet unavailable)
rElec  .         rRot     .     s - +1 cloak
SustAb . .       Spirit   +     x - +2 pair of gloves
rMut   .         Warding  .     E - +0 pair of boots {Fly}
Saprov . . .     Stasis   +     y - amulet of guardian spirit
MR     ++...                    T - ring "Weerot" {rF++ Int+2}
                                B - +5,+6 ring of slaying

@: flying, glowing, very resistant to hostile enchantments, extremely unstealthy
A: permanent stasis, dig shafts and tunnels, four strong arms, antennae 3, fast
metabolism 1, frail 1
a: Dig, Shaft Self, Divine Shield, Cleansing Flame, Summon Divine Warrior,
Renounce Religion, Stop Flying
}: 2/15 runes: decaying, gossamer


You were on level 2 of the Vaults.
You worshipped the Shining One.
The Shining One was exalted by your worship.
You were not hungry.

You visited 7 branches of the dungeon, and saw 38 of its levels.
You also visited: Labyrinth and Ice Cave.

You collected 4027 gold pieces.
You spent 1478 gold pieces at shops.

Inventory:

Hand weapons
 q - the +7,+7 mace of Upheaval {crush, -Cast rC+ rN+}
   (You found it on level 2 of the Spider Nest)

   It inflicts extra damage upon your enemies.
   It protects you from cold.
   It protects you from negative energy.
   It prevents spellcasting.
 F - the +7,+8 mace of Wadet {flame, Str+2 Stlth--}
   (You found it on level 3 of the Swamp)

   It emits flame when wielded, causing extra injury to most foes and up to
   double damage against particularly susceptible opponents.
   It affects your strength (+2).
   It makes you much less stealthy.
 J - a +1,+1 spear of freezing
 L - a +5,+7 halberd of chopping (weapon)
 X - a +2,+3 trident of dragon slaying
Armour
 e - a +2 ice dragon armour
 f - a +2 shield of poison resistance
 n - a +5 chain mail of fire resistance
 s - a +1 cloak (worn)
 x - a +2 pair of gloves (worn)
 A - the +8 plate armour of Jigsaw (worn) {rF++}
   (You bought it in a shop on level 4 of the Orcish Mines)

   It greatly protects you from fire.
 E - a +0 pair of boots of flying (worn)
 K - a +0 large shield (worn)
 M - a mottled dragon hide
Magical devices
 b - a wand of cold (8)
 l - a wand of fire (5)
 t - a wand of slowing (10)
 z - a wand of fire (7)
 H - a wand of disintegration (13) {unknown}
 P - a wand of heal wounds (2) {unknown}
 R - a wand of fire (2)
Comestibles
 a - 3 pieces of ambrosia
 d - 2 bread rations
 m - 10 meat rations
 G - 29 honeycombs
 O - 5 royal jellies
Scrolls
 c - 3 scrolls of identify
 h - 4 scrolls of fear
 i - 4 scrolls of fog
 j - 3 scrolls of magic mapping
 r - 8 scrolls of remove curse
 Q - a scroll of brand weapon
 U - a scroll of enchant weapon II
 W - a scroll of enchant weapon I
Jewellery
 k - an uncursed amulet of conservation
 o - an uncursed ring of magical power
 p - an uncursed ring of protection from cold
 w - an uncursed ring of protection from magic
 y - an amulet of guardian spirit (around neck)
 B - a +5,+6 ring of slaying (left hand)
 C - an uncursed ring of protection from cold
 N - an uncursed ring of poison resistance
 T - the ring "Weerot" (right hand) {rF++ Int+2}
   (You found it in a labyrinth)

   [ring of intelligence]

   It affects your intelligence (+2).
   It greatly protects you from fire.
 V - an uncursed ring of sustain abilities
Potions
 v - a potion of resistance
 I - a potion of porridge
 S - a potion of invisibility
Books
 D - a book of War Chants

   Spells                             Type                      Level
   Fire Brand                         Charms/Fire                  2
   Freezing Aura                      Charms/Ice                   2
   *Shroud of Golubria                Charms/Translocation         2
   *Repel Missiles                    Charms/Air                   2
   Poison Weapon                      Charms/Poison                3
   Regeneration                       Charms/Necromancy            3


   Skills:
 + Level 16.7 Fighting
 + Level 16.0 Polearms
 + Level 16.3 Armour
 + Level 18.0 Shields
 + Level 7.7 Spellcasting
 + Level 3.9 Conjurations
 + Level 6.5 Charms
 - Level 4.5 Translocations
 + Level 5.5 Air Magic
 - Level 13.1 Invocations
 - Level 5.0 Evocations


You had 21 spell levels left.
You knew the following spells:

 Your Spells              Type           Power        Failure   Level  Hunger
a - Repel Missiles        Chrm/Air       ###...       14%         2    #......
b - Shroud of Golubria    Chrm/Tloc      ##........   21%         2    #......
c - Apportation           Tloc           ##........   21%         1    None
d - Flight                Chrm/Air       ###.......   24%         3    ###....
e - Lightning Bolt        Conj/Air       ##........   100%        5    #####..


Dungeon Overview and Level Annotations

Branches:
Dungeon (13/15)            Temple (1/1) D:7             Orc (4/4) D:9
    Elf (0/3) Orc:3          Lair (8/8) D:11          Swamp (5/5) Lair:6
 Spider (5/5) Lair:4        Slime (0/6) Lair:6       Vaults (2/5) D:13
  Crypt (0/5) Vaults:2

Altars:
Ashenzari
Cheibriados
Dithmenos
Elyvilon
Fedhas
Kikubaaqudgha
Makhleb
Nemelex Xobeh
Sif Muna
Trog
Vehumet
Xom
Yredelemnul
Zin
The Shining One
Beogh

Shops:
D:9 %   Orc:2 [=((=   Orc:4 (*:[   Vaults:2 [

Portals:
Hell: Lair:8

Annotations:
Lair:5 exclusion: ice statue


Innate Abilities, Weirdness & Mutations

Your are under a permanent stasis effect.
You can dig through walls and to a lower floor.
Your four strong arms can wield two-handed weapons with a shield.
You have a pair of large antennae on your head (SInv).
You have a fast metabolism.
You are frail (-10% HP).


Message History

Press: ? - help, Dir - move target cursor, f - orc warrior
Aim: an orc warrior, wielding a bardiche and wearing a plate armour (consumed by blood-lust, haloed)
You reach to attack!
You impale the orc warrior!!
You kill the orc warrior!
Your angel hits the orc knight with a sacred scourge of holy wrath.
Your angel hits the orc knight with a sacred scourge of holy wrath!
You block the wolf spider's attack.
You impale the wolf spider!!
The wolf spider is heavily wounded.
The wolf spider hits you but does no damage.
You block the wolf spider's attack.
Your angel hits the orc knight with a sacred scourge of holy wrath!
Your angel barely misses the orc knight.
You block the vault sentinel's attack.
The orc knight hits your angel with a great mace!
The deep elf mage unwields an uncursed long sword.
The deep elf mage drops an uncursed long sword.
The deep elf mage picks up a long sword.
The deep elf mage wields a long sword.
The fire crab bites you!
You die...

# #...'......'. # {
##.).#......# #
#....#[)....# ##
#....#.[....# .##
#....#(.....# ..# ####
#......# ..########
#))@...# ..'......#
#tA)...# .##......#
#@so...#
###......#########e####
# #......##.......{...#
# #
#......##......%....#
## #
#......##[......e...#
##. #
#########...........#
#.. # #...........# #..
######### #...........#
#.. #.......#
#...........# #######'


You could see an orc knight, a wolf spider, a fire crab, a vault sentinel, 2
deep elf magi and a friendly angel.

Vanquished Creatures
  Nikola (Swamp:1)
  The ghost of nht the Hawkeye, a mighty HaAs of Dithmenos (Swamp:3)
  Rupert (Swamp:1)
  Frances (Spider:2)
  A thorn hunter (Swamp:2)
  An azure jelly (Swamp:5)
  2 ghost moths (Spider:5)
  Maud (Lair:3)
  An orc warlord (Orc:4)
  Louise (Swamp:3)
  5 emperor scorpions
  9 vault wardens
  3 large abominations (Vaults:1)
  2 stone giants (Vaults:2)
  A white draconian (IceCv)
  A deep elf annihilator (Vaults:1)
  Azrael (Spider:1)
  2 dire elephants (Lair:8)
  A curse skull (Vaults:2)
  The ghost of aimeelou the Geomancer, a powerful GrEE of Okawaru (Lair:5)
  Snorg (Lair:5)
  An ettin (Vaults:2)
  9 ironheart preservers
  9 vault guards
  A minotaur (Lab)
  A jiangshi (Vaults:2)
  A yaktaur captain (Vaults:1)
  Fannar (Lair:7)
  4 ice dragons
  23 hydras
  2 shambling mangroves (Swamp:3)
  5 ogre magi
  A spectral human (Vaults:2)
  6 alligators
  8 death yaks
  The ghost of Yuof the Carver, an experienced FoGl of Okawaru (D:12)
  Urug (Spider:1)
  4 centaur warriors
  5 spriggans
  3 very ugly things
  A deep elf knight (Vaults:2)
  2 iron trolls (Vaults:2)
  3 skeletal warriors (Vaults:2)
  A deep troll (Vaults:1)
  13 orb spiders
  2 unseen horrors
  The ghost of casual the Transmogrifier, an experienced MfTm (D:6)
  A swamp dragon (Swamp:1)
  7 ironbrand convokers
  A deep elf summoner (Vaults:2)
  An ice statue (IceCv)
  A spriggan druid (Swamp:3)
  Erolcha (Orc:1)
  5 hill giants
  3 orc sorcerers
  A deep elf conjurer (Vaults:2)
  36 wolf spiders
  A phantasmal warrior (Vaults:2)
  3 cyclopes
  7 orc knights
  3 griffons
  2 wizards
  A spectral ettin (Vaults:2)
  A moth of wrath (Spider:5)
  11 red wasps
  4 orange demons (Lair:8)
  An item mimic (Lair:2)
  5 vault sentinels
  A spiny frog (shapeshifter) (Vaults:2)
  6 black mambas
  Psyche (Orc:2)
  14 spiny frogs
  A queen ant (Spider:5)
  A vapour (Swamp:3)
  2 feature mimics
  12 demonic crawlers
  5 yaktaurs
  A fire drake (Lair:8)
  2 formicid venom magi
  A red devil (Lair:8)
  6 freezing wraiths
  2 hellwings
  34 jumping spiders
  4 queen bees
  3 giant fireflies
  A deep elf priest (Vaults:1)
  15 polar bears (IceCv)
  A frost giant simulacrum (Vaults:2)
  4 blue devils (Lair:8)
  8 komodo dragons
  32 slime creatures
  3 boggarts
  6 trolls
  14 baby alligators
  10 two-headed ogres
  9 giant leeches
  2 bog bodies
  7 ravens (Swamp:3)
  3 boulder beetles
  15 blink frogs
  5 deep elf magi
  A grizzly bear (Lair:8)
  2 basilisks
  6 thorn lotuses
  34 tarantellas
  22 trapdoor spiders
  2 shadows
  2 wyverns
  3 flying skulls (Vaults:2)
  14 sharks
  3 fire elementals (Spider:1)
  87 yaks
  4 hungry ghosts
  48 redbacks
  A steam dragon (D:12)
  25 vampire mosquitoes
  6 deep elf fighters
  2 gargoyles
  A hell beast (Lair:8)
  15 ugly things
  4 swamp worm simulacra (Swamp:5)
  47 wolves
  26 swamp worms
  8 wargs
  17 hippogriffs
  An ogre zombie (D:12)
  21 water moccasins
  A human zombie (Lair:8)
  3 soldier ants
  3 mottled dragons
  2 necrophages
  3 hell hounds
  9 porcupines
  45 spiders
  14 ice beasts
  A phantom (D:3)
  8 swamp drakes
  2 black bears
  23 orc warriors
  16 giant goldfish
  2 sky beasts
  26 ogres
  4 yellow wasps
  8 centaurs
  14 hydra simulacra (Swamp:5)
  14 crocodiles
  2 boring beetles
  12 giant frogs
  A komodo dragon zombie (D:9)
  12 giant slugs
  A brain worm (D:13)
  A brain worm (shapeshifter) (Vaults:2)
  3 big kobolds
  2 gnoll sergeants
  36 insubstantial wisps
  An eye of draining (D:10)
  70 killer bees
  A wyvern skeleton (D:13)
  8 scorpions
  7 wights
  A hippogriff skeleton (D:12)
  A vampire bat (Lair:5)
  12 electric eels
  9 crimson imps
  3 goliath beetles
  A giant frog zombie (D:5)
  A kobold zombie (D:12)
  24 orc priests
  36 orc wizards
  A soldier ant zombie (D:9)
  7 iguanas
  An iron imp (Orc:3)
  16 worker ants
  11 hounds
  14 big fish
  5 orange rats
  34 sheep
  A crocodile skeleton (D:10)
  A mottled dragon zombie (D:13)
  A hound skeleton (D:7)
  A hound zombie (D:5)
  Terence (D:2)
  A mummy (D:6)
  2 orc zombies
  27 adders
  17 gnolls
  41 green rats
  3 shadow imps
  2 giant mites
  16 white imps
  An ufetubus (D:11)
  10 worms
  4 swamp drake simulacra (Swamp:5)
  An iguana skeleton (D:9)
  A goliath beetle simulacrum (D:11)
  9 giant geckos
  An ooze (D:1)
  120 orcs
  33 bats
  A bat zombie (D:5)
  4 giant cockroaches
  18 goblins
  20 hobgoblins
  46 jackals
  9 quokkas
  A ball python (D:1)
  13 giant newts
  25 kobolds
  An orc skeleton (D:5)
  A quokka zombie (D:6)
  27 rats
  A fungus (Lair:8)
  3 plants
1872 creatures vanquished.

Vanquished Creatures (collateral kills)
  A vault warden (Vaults:2)
  A deep elf death mage (Vaults:1)
  An ironheart preserver (Vaults:1)
  A deep troll earth mage (Vaults:1)
  An orc high priest (Orc:4)
  An iron troll (Orc:4)
  An orc sorcerer (Vaults:1)
  2 orc knights
  2 yaktaurs (Vaults:2)
  2 redbacks (Vaults:2)
  An ugly thing (Vaults:1)
  10 orc warriors
  5 orc priests
  3 orc wizards
  An orc zombie (Orc:4)
  13 orcs
  A goblin (Orc:4)
47 creatures vanquished.

Vanquished Creatures (others)
  Asterion (Swamp:4)
  2 daevas
  A polar bear (IceCv)
  A bog body (Swamp:5)
  A redback (Spider:1)
  2 vampire mosquitoes (Swamp:5)
  2 big fish
  4 orcs
  6 fungi
  14 plants
34 creatures vanquished.

Grand Total: 1953 creatures vanquished

Notes
Turn   | Place    | Note
--------------------------------------------------------------
     0 | D:1      | JEFFREY, the Formicid Fighter, began the quest for the Orb.
     0 | D:1      | Reached XP level 1. HP: 18/18 MP: 1/1
     3 | D:1      | Noticed a shark
     3 | D:1      | Noticed a shark
   197 | D:1      | Reached XP level 2. HP: 24/24 MP: 3/3
   446 | D:1      | Reached XP level 3. HP: 29/29 MP: 4/4
   809 | D:2      | Noticed Terence
   836 | D:2      | Killed Terence
   968 | D:2      | Reached skill level 4 in Polearms
   968 | D:2      | Reached XP level 4. HP: 22/35 MP: 5/5
  1489 | D:3      | Reached XP level 5. HP: 37/41 MP: 7/7
  1721 | D:3      | Reached skill level 5 in Polearms
  1919 | D:3      | Noticed a phantom
  1944 | D:3      | Killed a phantom
  1944 | D:3      | Reached skill level 6 in Polearms
  1944 | D:3      | Reached XP level 6. HP: 43/47 MP: 8/8
  2312 | D:4      | Reached XP level 7. HP: 52/52 MP: 9/9
  2578 | D:4      | Noticed a black bear
  2588 | D:4      | Killed a black bear
  2634 | D:5      | Entered Level 5 of the Dungeon
  2636 | D:5      | Found a deep blue altar of Sif Muna.
  2780 | D:5      | Reached XP level 8. HP: 55/61 MP: 11/11
  3023 | D:5      | Reached skill level 5 in Shields
  3171 | D:5      | Reached skill level 5 in Fighting
  3171 | D:5      | Reached skill level 7 in Polearms
  3297 | D:6      | Reached skill level 5 in Armour
  3727 | D:6      | Found a burning altar of Makhleb.
  3732 | D:6      | Noticed casual's ghost (experienced MfTm)
  3786 | D:6      | Killed casual's ghost
  3786 | D:6      | Reached skill level 8 in Polearms
  3786 | D:6      | Reached XP level 9. HP: 67/70 MP: 12/12
  3871 | D:6      | Found a deep blue altar of Sif Muna.
  4500 | D:7      | Found a staircase to the Ecumenical Temple.
  4508 | Temple   | Entered the Ecumenical Temple
  4544 | Temple   | Became a worshipper of the Shining One
  4552 | Temple   | Upgraded the game from 0.14-a0-3295-g3fd807f to 0.14-a0-3315-g09e681a
  4770 | D:7      | Found a sparkling altar of Nemelex Xobeh.
  4946 | D:8      | Reached XP level 10. HP: 79/79 MP: 13/13
  4958 | D:8      | Killed a door mimic
  5224 | D:8      | Reached skill level 9 in Polearms
  5521 | D:8      | Reached skill level 1 in Invocations
  6078 | D:9      | Found Klixaosch's Food Shop.
  6289 | D:9      | Found a staircase to the Orcish Mines.
  6301 | D:9      | Found a roughly hewn altar of Beogh.
  6690 | D:10     | Entered Level 10 of the Dungeon
  6692 | D:10     | Got a warped golden amulet
  6693 | D:10     | Identified the amulet "Ketacw" {Spirit Acc-5} (You found it on level 10 of the Dungeon)
  6723 | D:10     | Noticed a hill giant
  6730 | D:10     | Killed a hill giant
  6730 | D:10     | Reached XP level 11. HP: 87/87 MP: 20/20
  6826 | D:10     | Acquired the Shining One's first power
  7003 | D:10     | Noticed a hill giant
  7010 | D:10     | Killed a hill giant
  7163 | D:10     | Noticed a hill giant
  7171 | D:10     | Killed a hill giant
  7653 | D:10     | Reached skill level 5 in Invocations
  7673 | D:10     | Reached skill level 10 in Shields
  7686 | D:10     | Reached skill level 10 in Polearms
  7826 | D:11     | Found a staircase to the Lair.
  7969 | D:11     | Noticed a seven-headed hydra
  8014 | D:11     | Killed a seven-headed hydra
  8173 | D:11     | Acquired the Shining One's second power
  8212 | D:11     | Reached XP level 12. HP: 73/97 MP: 24/24
  8536 | D:11     | Noticed a five-headed hydra
  8556 | D:11     | Killed a five-headed hydra
  8556 | D:11     | Reached skill level 10 in Fighting
  8562 | D:11     | Noticed a five-headed hydra
  8580 | D:11     | Killed a five-headed hydra
  8748 | D:11     | Upgraded the game from 0.14-a0-3315-g09e681a to 0.14-a0-3329-g86b2fc4
  8777 | D:12     | Noticed Yuof's ghost (experienced FoGl)
  8858 | D:12     | Killed Yuof's ghost
  8858 | D:12     | Reached skill level 10 in Armour
  8858 | D:12     | Reached skill level 11 in Shields
  8858 | D:12     | Reached skill level 1 in Evocations
  9167 | D:12     | Got a pitted chain mail
  9168 | D:12     | Identified the cursed -5 chain mail of Infinity {Str-2 Int+1} (You found it on level 12 of the Dungeon)
  9178 | D:12     | Found a burning altar of Makhleb.
  9583 | D:12     | Reached XP level 13. HP: 87/106 MP: 25/25
  9850 | Lair:1   | Entered Level 1 of the Lair of Beasts
 10456 | Lair:2   | Reached skill level 12 in Shields
 10474 | Lair:2   | Reached skill level 5 in Evocations
 10497 | Lair:2   | Found a frozen archway.
 10548 | IceCv    | Entered an ice cave
 10580 | IceCv    | Reached skill level 1 in Spellcasting
 11096 | IceCv    | Noticed a white draconian
 11128 | IceCv    | Reached XP level 14. HP: 79/115 MP: 26/27
 11138 | IceCv    | Killed a white draconian
 11160 | IceCv    | Identified Alistair's Papyrus of Poisoning and Combat Magic
 11181 | IceCv    | Got a polished falchion
 11182 | IceCv    | Identified the +3,+10 falchion of Spring {drain, rC++ rN+} (You found it in an ice cave)
 11204 | IceCv    | Gained mutation: You are partially covered in rough black scales (AC +4, Dex -1). [potion of mutation]
 11204 | IceCv    | Gained mutation: You are clumsy. (Dex -2) [potion of mutation]
 11204 | IceCv    | Gained mutation: Armour fits poorly on your strangely shaped body. [potion of mutation]
 11674 | Lair:2   | Got a fine cutlass
 11675 | Lair:2   | Identified the +4,+8 cutlass of Qeat {slice, rF+ Stlth} (You found it on level 2 of the Lair of Beasts)
 12121 | Lair:2   | Got a crystal short sword
 12122 | Lair:2   | Identified the +4,+1 short sword of Trial by Ordeal {venom, Str+2 SInv} (You found it on level 2 of the Lair of Beasts)
 12556 | Lair:3   | Noticed Maud
 12584 | Lair:3   | Killed Maud
 12584 | Lair:3   | Reached skill level 13 in Shields
 13217 | Lair:3   | Acquired the Shining One's third power
 13681 | Lair:4   | Found a labyrinth entrance.
 13812 | Lab      | Entered a labyrinth
 13972 | Lab      | Got a faintly glowing bone ring
 14021 | Lair:4   | Found a hole to the Spider Nest.
 14606 | Lair:4   | Identified a +3 rod of destruction (12/12) (You found it in a labyrinth)
 14905 | Lair:5   | Identified the ring "Weerot" {rF++ Int+2} (You found it in a labyrinth)
 15058 | Lair:5   | Reached XP level 15. HP: 106/122 MP: 29/29
 15086 | Lair:5   | Noticed Snorg
 15107 | Lair:5   | Killed Snorg
 15599 | Lair:5   | Noticed aimeelou's ghost (powerful GrEE)
 15623 | Lair:5   | Killed aimeelou's ghost
 15987 | Lair:6   | Reached skill level 14 in Shields
 16154 | Lair:6   | Acquired the Shining One's fourth power
 16157 | Lair:6   | Got an emerald-encrusted leather armour
 16171 | Lair:6   | Found a staircase to the Swamp.
 16528 | Lair:6   | Reached skill level 10 in Invocations
 16602 | Lair:6   | Found a staircase to the Slime Pits.
 17072 | Lair:7   | Noticed Fannar
 17083 | Lair:7   | Killed Fannar
 17129 | Lair:7   | Identified the cursed -3 leather armour of the Lion {Acc+4} (You found it on level 6 of the Lair of Beasts)
 17644 | Lair:7   | Got a brightly glowing whip
 17671 | Lair:8   | Entered Level 8 of the Lair of Beasts
 17945 | Lair:8   | Learned a level 2 spell: Repel Missiles
 17953 | Lair:8   | Learned a level 2 spell: Shroud of Golubria
 18036 | Lair:8   | Found a burning altar of Makhleb.
 18050 | Lair:8   | Reached skill level 1 in Charms
 18073 | Lair:8   | Reached skill level 1 in Air Magic
 18078 | Lair:8   | Reached XP level 16. HP: 128/131 MP: 23/31
 18088 | Lair:8   | Reached skill level 1 in Translocations
 18100 | Lair:8   | Found a gateway to Hell.
 18962 | Spider:1 | Entered Level 1 of the Spider Nest
 19348 | Spider:1 | Noticed Azrael
 19376 | Spider:1 | Killed Azrael
 19385 | Spider:1 | Noticed Urug
 19389 | Spider:1 | Killed Urug
 20122 | Spider:1 | Lost mutation: You are clumsy. (Dex -2) [potion of cure mutation]
 20122 | Spider:1 | Lost mutation: Armour fits poorly on your strangely shaped body. [potion of cure mutation]
 20122 | Spider:1 | Lost mutation: You are partially covered in rough black scales (AC +4, Dex -1). [potion of cure mutation]
 20361 | Spider:2 | Reached skill level 15 in Shields
 20383 | Spider:2 | Noticed Frances
 20392 | Spider:2 | Gained mutation: You have a fast metabolism. [a neqoxec]
 20398 | Spider:2 | Killed Frances
 20398 | Spider:2 | Reached skill level 5 in Spellcasting
 20656 | Spider:2 | Learned a level 1 spell: Apportation
 20872 | Spider:2 | Got a polished mace
 20873 | Spider:2 | Identified the +7,+7 mace of Upheaval {crush, -Cast rC+ rN+} (You found it on level 2 of the Spider Nest)
 20999 | Spider:2 | Reached XP level 17. HP: 87/139 MP: 21/32
 22660 | Spider:4 | Reached skill level 5 in Charms
 22827 | Spider:5 | Entered Level 5 of the Spider Nest
 23597 | Spider:5 | Reached XP level 18. HP: 48/148 MP: 2/32
 23622 | Spider:5 | Reached skill level 16 in Shields
 23863 | Spider:5 | Got a gossamer rune of Zot
 24185 | Spider:5 | Reached skill level 15 in Fighting
 24541 | Swamp:1  | Entered Level 1 of the Swamp
 24723 | Swamp:1  | Noticed Rupert
 24759 | Swamp:1  | Killed Rupert
 24806 | Swamp:1  | Noticed Nikola
 24822 | Swamp:1  | Killed Nikola
 25071 | Swamp:1  | Upgraded the game from 0.14-a0-3329-g86b2fc4 to 0.14-a0-3337-gf4615ed
 25976 | Swamp:3  | Noticed Louise
 26218 | Swamp:3  | Killed Louise
 26230 | Swamp:3  | Noticed nht's ghost (mighty HaAs)
 26244 | Swamp:3  | Killed nht's ghost
 26263 | Swamp:3  | Learned a level 3 spell: Flight
 26269 | Swamp:3  | Learned a level 5 spell: Lightning Bolt
 26278 | Swamp:3  | Got a fine mace
 26280 | Swamp:3  | Identified the +7,+8 mace of Wadet {flame, Str+2 Stlth--} (You found it on level 3 of the Swamp)
 26377 | Swamp:3  | Reached skill level 15 in Armour
 27307 | Swamp:4  | Noticed Asterion
 27337 | Swamp:4  | Killed Asterion
 27337 | Swamp:4  | Reached skill level 15 in Polearms
 27565 | Swamp:4  | Reached XP level 19. HP: 132/156 MP: 31/34
 27753 | Swamp:5  | Entered Level 5 of the Swamp
 28729 | Swamp:5  | Got a decaying rune of Zot
 28888 | Swamp:2  | Reached skill level 17 in Shields
 29188 | Orc:1    | Entered Level 1 of the Orcish Mines
 29457 | Orc:2    | Found Seiwiung's Armour Shoppe.
 29466 | Orc:2    | Bought a +2 shield of poison resistance for 259 gold pieces
 29525 | Orc:2    | Found Uroah's Jewellery Shop.
 29550 | Orc:1    | Noticed Erolcha
 29557 | Orc:1    | Killed Erolcha
 29767 | Orc:3    | Found a staircase to the Elven Halls.
 30156 | Orc:2    | Found Qeovas' Antique Weapon Shop.
 30156 | Orc:2    | Noticed Psyche
 30163 | Orc:2    | Killed Psyche
 30183 | Orc:2    | Found Igazaudo's Jewellery Shop.
 30192 | Orc:2    | Bought a cursed ring of hunger for 30 gold pieces
 30192 | Orc:2    | Bought an uncursed amulet of inaccuracy for 30 gold pieces
 30217 | Orc:2    | Found Niwiolish's Weapon Boutique.
 30236 | Orc:2    | Found a deep blue altar of Sif Muna.
 30424 | Orc:4    | Entered Level 4 of the Orcish Mines
 30471 | Orc:4    | Gained mutation: You are frail (-10% HP). [a neqoxec]
 30506 | Orc:4    | Found a roughly hewn altar of Beogh.
 30533 | Orc:4    | Found Ysoteas' Book Shoppe.
 30550 | Orc:4    | Found Crayheu's Antique Armour Shoppe.
 30564 | Orc:4    | Found Gavemaul's General Store.
 30578 | Orc:4    | Found Raapnof's Antique Weapon Shoppe.
 30620 | Orc:4    | Bought a glowing halberd for 132 gold pieces
 30666 | Orc:4    | Bought a smoking plate armour for 840 gold pieces
 30666 | Orc:4    | Bought a pair of embroidered boots for 135 gold pieces
 30695 | Orc:4    | Identified the +8 plate armour of Jigsaw {rF++} (You bought it in a shop on level 4 of the Orcish Mines)
 30706 | Orc:4    | Bought a scroll of magic mapping for 52 gold pieces
 32061 | D:13     | Found a gate to the Vaults.
 32119 | Vaults:1 | Entered Level 1 of the Vaults
 32402 | Vaults:1 | Reached skill level 1 in Conjurations
 32624 | Vaults:1 | Reached XP level 20. HP: 125/149 MP: 35/35
 33040 | Vaults:1 | You fall through a shaft!
 33040 | Vaults:2 | Found Kaul's Antique Armour Shoppe.
 33866 | Vaults:2 | Reached skill level 5 in Air Magic
 34522 | Vaults:2 | Found a staircase to the Crypt.
 35314 | Vaults:2 | Reached skill level 18 in Shields
 35337 | Vaults:2 | HP: 1/149 [vault sentinel/transparent spear {elec}[a vault warden] (23)]
 35339 | Vaults:2 | Mangled by a fire crab

Action                   |  1- 3 |  4- 6 |  7- 9 | 10-12 | 13-15 | 16-18 | 19-21 || total
-------------------------+-------+-------+-------+-------+-------+-------+-------++-------
Melee: Trident           |   137 |   240 |   105 |       |    25 |       |       ||   507
       Halberd           |       |       |   467 |   665 |  1610 |  1626 |  1328 ||  5696
       Glaive            |       |       |       |   182 |       |       |       ||   182
       Spear             |       |       |       |    56 |    77 |    46 |    45 ||   224
       Unarmed           |       |       |       |       |       |       |     2 ||     2
 Cast: Shroud of Golubri |       |       |       |       |       |     1 |     1 ||     2
       Repel Missiles    |       |       |       |       |       |     1 |       ||     1
Invok: Divine Shield     |       |       |       |       |     3 |     5 |     4 ||    12
       Cleansing Flame   |       |       |       |       |     2 |       |     2 ||     4
       Summon Divine War |       |       |       |       |       |     1 |     3 ||     4
 Abil: Dig               |     1 |     2 |     3 |       |     7 |    10 |     4 ||    27
       Shaft Self        |       |       |       |       |       |       |     1 ||     1
Evoke: Wand              |       |       |     2 |     5 |     8 |     8 |     3 ||    26
  Use: Scroll            |       |     1 |    14 |    10 |    20 |     9 |    16 ||    70
       Potion            |       |       |       |     2 |    10 |    10 |     4 ||    26
 Stab: Distracted        |       |       |       |       |       |     1 |     1 ||     2
